 Dungeon Crawl Stone Soup version 0.29.1-12-g30fa7ad0bf (webtiles) character file.

Game seed: 6618091208157946382

2527 PaulusMaximus the Cleaver (level 9, -6/80 HPs)
             Began as a Minotaur Berserker on Dec 26, 2022.
             Was an Elder of Trog.
             Mangled by a yak (12 damage)
             ... on level 6 of the Dungeon.
             The game lasted 00:33:34 (7519 turns).

PaulusMaximus the Cleaver (Minotaur Berserker)      Turns: 7519, Time: 00:33:38

Health: -6/80      AC:  8    Str: 27    XL:     9   Next: 29%
Magic:  8/8        EV: 11    Int:  4    God:    Trog [****..]
Gold:   423        SH:  0    Dex:  9    Spells: 8/8 levels left

rFire   + . .      SeeInvis .   n - +0 war axe
rCold   + . .      Faith    .   (no shield)
rNeg    . . .      Spirit   .   l - +0 scale mail
rPois   .          Reflect  .   (helmet restricted)
rElec   .          Harm     .   x - scarf {rC+ rF+}
rCorr   .          Rampage  .   (no gloves)
Will    ++...                   (no boots)
Stlth   ..........              (no amulet)
HPRegen 1.23/turn               (no ring)
MPRegen 0.11/turn               (no ring)

@: strong-willed (expiring), on berserk cooldown, regenerating (expiring),
slowed, very slow
A: horns 2, retaliatory headbutt
a: Renounce Religion, Berserk, Trog's Hand, Brothers in Arms


You were on level 6 of the Dungeon.
You worshipped Trog.
Trog was greatly pleased with you.
You visited 1 branch of the dungeon, and saw 7 of its levels.

You collected 423 gold pieces.

Inventory:

Hand Weapons
 n - a +0 war axe (weapon)
 t - a +2 quarterstaff of chaos
 C - a +0 war axe
Missiles
 s - 14 boomerangs (quivered)
 A - 11 poisoned darts
Armour
 f - a +0 ring mail
 l - a +0 scale mail (worn)
 u - a +1 cloak of stealth
 x - a scarf of resistance (worn)
 F - a +2 cloak
Jewellery
 G - a ring of fire
Wands
 y - a wand of roots (9)
Scrolls
 a - a scroll of summoning {unknown}
 c - 3 scrolls of teleportation
 d - 2 scrolls of fear {unknown}
 g - 2 scrolls of immolation {unknown}
 h - 2 scrolls of enchant armour {unknown}
 i - a scroll of vulnerability {unknown}
 j - a scroll of enchant weapon {unknown}
 k - 2 scrolls of brand weapon {unknown}
 o - 3 scrolls of identify
 r - 2 scrolls of blinking {unknown}
 D - a scroll of poison {unknown}
 E - a scroll of amnesia {unknown}
Potions
 b - 2 potions of degeneration {unknown}
 e - a potion of flight {unknown}
 m - 5 potions of brilliance
 p - 3 potions of curing {unknown}
 q - a potion of lignification {unknown}
 v - a potion of mutation {unknown}
 w - a potion of magic {unknown}
 z - 2 potions of heal wounds {unknown}
 B - a potion of resistance {unknown}


   Skills:
 + Level 7.6 Fighting
 + Level 10.9 Axes
 + Level 9.0 Armour
 - Level 2.5 Dodging


You had 8 spell levels left.
You didn't know any spells.
Your spell library contained the following spells:

 Spells                   Type           Power      Damage    Failure   Level
 Foxfire                  Conj/Fire      0%         2x1d4     75%         1
 Sting                    Tmut/Pois      0%         1d3       75%         1
 Poisonous Vapours        Pois/Air       0%         N/A       86%         2
 Conjure Flame            Conj/Fire      0%         6-21      98%         3
 Inner Flame              Hex/Fire       0%         N/A       98%         3
 Flame Wave               Conj/Fire      0%         2d4       100%        4
 Olgreb's Toxic Radiance  Pois           0%         N/A       100%        4
 Malign Gateway           Summ/Tloc      0%         N/A       100%        7
 Summon Horrible Things   Summ           0%         N/A       100%        8


Dungeon Overview and Level Annotations

Branches:
Dungeon (7/15)             Temple (0/1) D:5

Altars:
Dithmenos
Gozag
Okawaru
Qazlal
Uskayaw
Zin

Annotations:
D:6 3 runed translucent doors, gargbit's ghost, weakling OpDe; ioannis32's ghost, novice DsBe
D:7 Joseph


Innate Abilities, Weirdness & Mutations

You have a pair of horns on your head.
You reflexively headbutt those who attack you in melee.


Message History

The yak bellows!
The yak gores you! The yak gores you. The yak gores you!
There is a stone staircase leading up here.
The yak gores you! The yak barely misses you.
You climb upwards.
Level annotation: 3 runed translucent doors, gargbit's ghost, weakling OpDe; ioannis32's ghost, novice DsBe
There is a stone staircase leading down here.
You are too injured to fight recklessly!
You are too injured to fight recklessly!
You are too injured to fight recklessly!
You slash the yak!
The yak is heavily wounded.
You hit the yak but do no damage. The yak gores you but does no damage.
The yak barely misses you. The yak gores you!
* * * LOW HITPOINT WARNING * * *
The yak gores you.
* * * LOW HITPOINT WARNING * * *
Okay, then.
Your skin crawls.
You feel strong-willed. The yak barely misses you. The yak closely misses you.
You slash the yak!
The yak is moderately wounded.
You hit the yak. The yak gores you but does no damage. The yak gores you!
* * * LOW HITPOINT WARNING * * *
The yak barely misses you. The yak gores you but does no damage.
You slash the yak!
The yak is heavily wounded.
You hit the yak. The yak gores you.
* * * LOW HITPOINT WARNING * * *
The yak gores you.
* * * LOW HITPOINT WARNING * * *
You slash the yak!
You kill the yak!
Trog accepts your kill.
You hit the yak.
You feel the effects of Trog's Hand fading.
The yak gores you!
You die...

#.# #.##.#
#.#
#..<##..#
#.###.##.#
#.#
######..#
......##.#
#.# #..#
#.###....#
#.# #..#
#.# #.####
#.# #..#
..# #.#
#.# #...
.## #.#
#.# ##.#
.# #.#
#Y#### #.#
.## #.#
#@...# #.#
..###.####
####.# #.#
.........#
#.# ##.#
..###.##.#
#.#
######.>.
.## #.##.#
#.#
#........
.# ##.##.#
#.#
#.####...
.# #..##.#
#.#
#.#####.#
.# #.###.#
##.##
#.#......
.# #.# #.#
#...#
#.#.###.#


You could see a yak.

Vanquished Creatures
  Grinder (D:3)
  Sigmund (D:6)
  2 yaks
  The ghost of diceflayer the Shooter, an amateur DsHu (D:4)
  A black bear (D:6)
  2 ogres
  2 phantoms
  A necrophage (D:6)
  2 scorpions
  A gnoll sergeant (D:7)
  5 bullfrogs
  3 wights (D:6)
  3 hounds
  5 jellies
  2 orc priests (D:4)
  3 iguanas (D:4)
  Crazy Yiuf (D:3)
  2 orc wizards
  Natasha (twice) (D:2 D:1)
  10 gnolls
  7 adders
  An ufetubus (D:4)
  3 worms
  A dart slug (D:1)
  11 orcs
  9 endoplasms
  4 giant cockroaches
  15 goblins
  4 hobgoblins
  8 jackals
  7 kobolds
  8 quokkas
  7 ball pythons
  8 bats
  2 frilled lizards
  8 rats
153 creatures vanquished.

Vanquished Creatures (others)
  6 plants (D:1)
6 creatures vanquished.

Grand Total: 159 creatures vanquished

Notes
Turn   | Place    | Note
-------+----------+-------------------------------------------
     0 | D:1      | PaulusMaximus the Minotaur Berserker began the quest for
                  | the Orb.
     0 | D:1      | Reached XP level 1. HP: 19/19 MP: 0/0
   148 | D:1      | Found a faded altar of an unknown god.
   163 | D:1      | Reached skill level 4 in Axes
   163 | D:1      | Reached XP level 2. HP: 25/27 MP: 1/1
   534 | D:1      | Reached ** piety under Trog
   565 | D:1      | Reached XP level 3. HP: 33/33 MP: 2/2
  1484 | D:2      | Noticed Natasha
  1492 | D:2      | Killed Natasha
  1493 | D:2      | Reached XP level 4. HP: 26/41 MP: 3/3
  1499 | D:2      | Noticed Natasha
  1515 | D:1      | Killed Natasha
  1516 | D:1      | Reached skill level 5 in Axes
  1807 | D:2      | Found a shadowy altar of Dithmenos.
  1905 | D:3      | Noticed Grinder
  1919 | D:3      | Paralysed by Grinder for 5 turns
  1928 | D:3      | Killed Grinder
  1929 | D:3      | Reached skill level 6 in Axes
  1929 | D:3      | Reached XP level 5. HP: 16/47 MP: 4/4
  1929 | D:3      | Reached XP level 6. HP: 19/55 MP: 5/5
  2591 | D:2      | You fall into a shaft and drop 2 floors!
  2602 | D:4      | Reached skill level 5 in Armour
  2607 | D:4      | Reached skill level 5 in Fighting
  2678 | D:5      | Entered Level 5 of the Dungeon
  2678 | D:5      | Found a hide-covered altar of Uskayaw.
  3001 | D:3      | Reached *** piety under Trog
  3246 | D:3      | Found a runed translucent door.
  3247 | D:3      | Noticed Crazy Yiuf
  3253 | D:3      | Killed Crazy Yiuf
  3864 | D:4      | Reached XP level 7. HP: 58/61 MP: 6/6
  3899 | D:4      | Found a runed translucent gate.
  3900 | D:4      | Found a runed translucent gate.
  3900 | D:4      | Found an opulent altar of Gozag.
  3901 | D:4      | Found a runed translucent gate.
  3905 | D:4      | Noticed a yak
  3905 | D:4      | Noticed diceflayer's ghost (amateur DsHu)
  3928 | D:4      | Reached skill level 7 in Axes
  4475 | D:4      | Reached skill level 8 in Axes
  4640 | D:4      | Identified the +5 robe "Afanug" {Int+4 Dex+2}
  4862 | D:4      | Reached XP level 8. HP: 46/70 MP: 7/7
  5159 | D:4      | Killed diceflayer's ghost
  5160 | D:4      | Reached skill level 9 in Axes
  5355 | D:5      | Found a staircase to the Ecumenical Temple.
  5688 | D:5      | Found an iron altar of Okawaru.
  5902 | D:6      | Noticed Sigmund
  5954 | D:6      | Killed Sigmund
  6060 | D:6      | Reached skill level 10 in Axes
  6114 | D:6      | Reached **** piety under Trog
  6445 | D:6      | Reached XP level 9. HP: 56/79 MP: 8/8
  6817 | D:5      | Found a stormy altar of Qazlal.
  7058 | D:6      | Found a runed translucent gate.
  7068 | D:6      | Found a runed translucent gate.
  7068 | D:6      | Found a runed translucent gate.
  7069 | D:6      | Noticed ioannis32's ghost (novice DsBe)
  7069 | D:6      | Noticed gargbit's ghost (weakling OpDe)
  7287 | D:7      | Found a glowing silver altar of Zin.
  7504 | D:7      | Noticed Joseph
  7518 | D:6      | HP: 4/80 [yak (2)]
  7519 | D:6      | Mangled by a yak

Illustrated notes

Levels and vault maps discovered:
D:1:      dpeg_arrival_castle, layout_basic, ebering_ecumenical_altar_abandoned,
          serial_forest, infiniplex_forest_clump_small,
          infiniplex_forest_clump_diagonal, infiniplex_forest_clump_diagonal,
          infiniplex_forest_clump_small, infiniplex_forest_end_2,
          infiniplex_forest_clump_long, infiniplex_forest_clump_small,
          infiniplex_forest_end_3, infiniplex_forest_straight_3
D:2:      layout_rooms, basic_altar, uniq_natasha
D:3:      kennysheep_six_static_rooms, layout_basic, uniq_crazy_yiuf_cottage,
          uniq_grinder
D:4:      minmay_opposing_rooms, layout_loops_corners, ebering_ghost_gozag,
          kennysheep_cluttered_room
D:5:      layout_basic, general_overflow_altar, marbit_many_paths,
          eat_drink_and_be_merry_uskayaw, minmay_temple_entry_mini_moons
D:6:      layout_loops_ring, gammafunk_ghost_cemetery, uniq_sigmund
D:7:      layout_cave_pods, mainiacjoe_overflow_cross_hatched, zin_scriptorium,
          dreamdust_wishing_well, uniq_joseph, uniq_duvessa

Skill      XL: |  1  2  3  4  5  6  7  8  9 |
---------------+----------------------------+-----
Axes           | 4 6 8 10 | 10.9
Fighting       | 4 5 7 |  7.6
Armour         | 3 4 5 7 8 9 |  9.0
Dodging        | |  2.5

Action                   |  1- 3 |  4- 6 |  7- 9 || total
-------------------------+-------+-------+-------++-------
Melee: Hand axe          |    75 |    56 |       ||   131
       Headbutt          |    12 |    18 |    28 ||    58
       War axe           |       |    47 |   171 ||   218
       Punch             |       |     1 |     1 ||     2
Invok: Berserk           |       |     2 |     5 ||     7
       Trog's Hand       |       |       |     1 ||     1
  Use: Scroll            |       |     1 |     1 ||     2
Armor: Ring mail         |    27 |     4 |       ||    31
       Animal skin       |     1 |       |       ||     1
       Scale mail        |       |    30 |    69 ||    99
Dodge: Dodged            |    57 |    48 |    84 ||   189
